 Dungeon Crawl Stone Soup version 0.29.1-13-g9f3cf754e1 (webtiles) character file.

Game seed: 15156111684932946052

21355 Oxelix the Fighter (level 12, 0/177 HPs)
             Began as a Minotaur Fighter on Jan 19, 2023.
             Was a Priest of the Shining One.
             Succumbed to a killer bee's poison
             ... on level 12 of the Dungeon.
             The game lasted 00:29:43 (10648 turns).

Oxelix the Fighter (Minotaur Fighter)              Turns: 10648, Time: 00:29:43

Health: 0/177      AC: 33    Str: 26    XL:     12   Next: 53%
Magic:  11/11      EV:  2    Int:  5    God:    the Shining One [***...]
Gold:   892        SH: 14    Dex: 10    Spells: 11/11 levels left

rFire   + . .      SeeInvis .   Q - +3 flail (protect)
rCold   + . .      Faith    .   R - +0 tower shield
rNeg    + . .      Spirit   .   (body armour currently unavailable)
rPois   +          Reflect  .   (helmet currently unavailable)
rElec   +          Harm     .   (cloak currently unavailable)
rCorr   +          Rampage  .   (gloves currently unavailable)
Will    .....      NoTele   +   (boots currently unavailable)
Stlth   +.........              j - amulet of regeneration
HPRegen 1.19/turn               p - +4 ring of slaying
MPRegen 0.12/turn               x - +4 ring of evasion

@: lethally poisoned (0 -> -3), tree-form, resistant, under a protective aura,
glowing
A: stationary, stasis, torment immunity, boosted hp, (horns 2), (retaliatory
headbutt)
a: Renounce Religion, Divine Shield, Cleansing Flame


You were on level 12 of the Dungeon.
You worshipped the Shining One.
The Shining One was most pleased with you.
You were a tree.
You visited 2 branches of the dungeon, and saw 13 of its levels.
You also visited: Ossuary and Gauntlet.

You collected 1057 gold pieces.
You spent 165 gold pieces at shops.

Inventory:

Hand Weapons
 C - a +0 dire flail
 Q - a +3 flail of protection (weapon)
Missiles
 e - 12 boomerangs (quivered)
 h - 2 curare-tipped darts
 s - 41 poisoned darts
 y - a throwing net
 P - 7 javelins
Armour
 l - a +1 ring mail of cold resistance (melded)
 A - a scarf of repulsion (melded)
 L - a +1 pair of boots of fire resistance
 R - a +0 tower shield (worn)
 W - the +0 pair of gloves of the Louse (melded) {Fly Str+9 Int-2}
   (You found it in a Gauntlet)

   Str:       It affects your strength (+9).
   Int:       It affects your intelligence (-2).
   Fly:       It grants you flight.
 X - the +1 pair of boots "Eduuc" (melded) {-Tele rElec MP+9 Str+2}
   (You found it in a Gauntlet)

   Str:       It affects your strength (+2).
   rElec:     It insulates you from electricity.
   MP:        It affects your magic capacity (+9).
   -Tele:     It prevents most forms of teleportation.
Jewellery
 j - an amulet of regeneration (around neck)
 m - a +6 ring of dexterity
 p - a +4 ring of slaying (left branch)
 x - a +4 ring of evasion (right branch)
 B - a ring of flight
 M - a ring of protection from cold
 N - an amulet of reflection
 T - an amulet of the acrobat
 U - a ring of willpower
 Y - a ring of willpower
Wands
 c - a wand of acid (6)
 K - a wand of charming (5)
 S - a wand of flame (11)
 Z - a wand of mindburst (8)
Scrolls
 g - 12 scrolls of teleportation
 k - 3 scrolls of vulnerability
 n - 4 scrolls of immolation
 o - a scroll of magic mapping {unknown}
 t - 2 scrolls of poison {unknown}
 u - a scroll of noise {unknown}
 z - 2 scrolls of summoning {unknown}
 D - a scroll of enchant armour
 F - a scroll of blinking
 G - 4 scrolls of fear
 I - a scroll of identify
 O - a scroll of butterflies
 V - a scroll of brand weapon
Potions
 a - a potion of experience {unknown}
 b - 2 potions of lignification
 d - 3 potions of might
 i - 2 potions of magic
 q - a potion of haste {unknown}
 r - 4 potions of brilliance
 v - 3 potions of curing
 w - 3 potions of cancellation
 E - a potion of ambrosia
 H - 2 potions of resistance
 J - a potion of mutation {unknown}


   Skills:
 - Level 14.5 Fighting
 - Level 14.0 Maces & Flails
 + Level 1.1 Throwing
 - Level 12.0 Armour
 - Level 7.2 Dodging
 + Level 7.8 Shields
 + Level 1.1 Invocations


You had 11 spell levels left.
You didn't know any spells.
Your spell library contained the following spells:

 Spells                   Type           Power      Damage    Failure   Level
 Necrotise                Necr           0%         1d4       99%         1
 Sandblast                Erth           0%         2d4       99%         1
 Passwall                 Tmut/Erth      0%         N/A       99%         2
 Confusing Touch          Hex            0%         N/A       100%        3
 Ignite Poison            Fire/Tmut/Pois 0%         N/A       100%        3
 Mephitic Cloud           Conj/Pois/Air  0%         N/A       100%        3
 Ozocubu's Armour         Ice            0%         N/A       100%        3
 Spider Form              Tmut/Pois      0%         N/A       100%        3
 Stone Arrow              Conj/Erth      0%         3d7       100%        3
 Vampiric Draining        Necr           0%         2d6       100%        3
 Agony                    Necr           0%         N/A       100%        5
 Fireball                 Conj/Fire      0%         3d3       100%        5
 Freezing Cloud           Conj/Ice/Air   0%         6-21      100%        5
 Lightning Bolt           Conj/Air       0%         1d11      100%        5
 Yara's Violent Unravell  Hex/Tmut       0%         3d3       100%        5
 Conjure Ball Lightning   Conj/Air       0%         3x3d6     100%        6
 Enfeeble                 Hex            0%         N/A       100%        7
 Ozocubu's Refrigeration  Ice            0%         4d7       100%        7


Dungeon Overview and Level Annotations

Branches:
Dungeon (12/15)            Temple (1/1) D:6            Lair (0/5) D:9
    Orc (0/2) D:12        Ossuary (visited)         Gauntlet (visited)

Altars:
Ashenzari
Cheibriados
Dithmenos
Elyvilon
Fedhas
Gozag
Hepliaklqana
Kikubaaqudgha
Makhleb
Nemelex Xobeh
Okawaru
Qazlal
Ru
Sif Muna
Trog
Uskayaw
Vehumet
Wu Jian
Xom
Yredelemnul
Zin
The Shining One

Shops:
D:8 *   D:10 (   D:12 *

Annotations:
D:9 2 transporters, Anriel's ghost, novice MiGl


Innate Abilities, Weirdness & Mutations

You are a tree.
Your roots penetrate the ground, keeping you stationary.
You cannot be teleported.
You are immune to unholy pain and torment.
Your maximum health is greatly increased.
Your equipment is partially melded.
((You have a pair of horns on your head.))
((You reflexively headbutt those who attack you in melee.))


Message History

The killer bee completely misses you. The meliai hits you with a +0 war axe!
* * * LOW HITPOINT WARNING * * *
You block the meliai's attack.
The queen bee stings you but does no damage.
The killer bee stings you but does no damage. x2
You block the meliai's attack.
The meliai stings you but does no damage.
A killer bee comes into view.
The eight-headed hydra bites you but does no damage. x2
You block the eight-headed hydra's attack.
The eight-headed hydra bites you but does no damage. x2
The eight-headed hydra completely misses you.
The eight-headed hydra bites you but does no damage. x2
You barely miss the killer bee.
You feel very sick.
The killer bee buzzes angrily.
You hear an angry buzzing noise.
The meliai hits you with a +0 war axe! The Shining One protects you from harm!
The meliai completely misses you. You block the killer bee's attack.
The killer bee stings you but does no damage.
You block the meliai's attack.
The meliai stings you but does no damage.
The killer bee stings you but does no damage. x2
The queen bee stings you but does no damage.
You block the killer bee's attack. The meliai hits you but does no damage.
The meliai stings you but does no damage.
The killer bee stings you!
* * * LOW HITPOINT WARNING * * *
The eight-headed hydra barely misses you.
The eight-headed hydra bites you but does no damage.
You block the eight-headed hydra's attack.
The eight-headed hydra bites you.
* * * LOW HITPOINT WARNING * * *
The eight-headed hydra bites you but does no damage. x3
The eight-headed hydra bites you. The Shining One protects you from harm!
Okay, then.
You bludgeon the killer bee!!
You kill the killer bee!
You die...

..........# #...
≈c≈≈≈≈P..#..##....## #... ≈
~≈≈≈≈≈....#....#...###... .≈
#≈≈≈≈≈....#.##.#..##....
≈~≈##≈≈≈≈...#..#.....####..[
.≈≈≈≈≈≈≈≈P..#.#.#.#.#.##....
≈≈≈≈≈≈≈≈≈..y..#..#....###...
c≈≈≈≈≈y≈≈≈yy.#..#.#..####...
P≈≈≈≈≈≈≈≈yD♣..#....#.# #....
.########~y.....#...#.##....
#....#..#[.##.#######
####.####### #.# ### ##


You could see a yaktaur captain, an eight-headed hydra, a queen bee, 2 meliai
and 3 killer bees.

Vanquished Creatures
  A minotaur (Gauntlet)
  Snorg (D:11)
  2 hydras
  A boulder beetle (D:11)
  2 two-headed ogres
  Nergalle (D:11)
  Pikel (D:7)
  A deep elf pyromancer (D:12)
  An ugly thing (D:12)
  3 cyclopes (D:12)
  5 manticores
  Joseph (D:7)
  A gargoyle (D:12)
  5 kobold demonologists
  Psyche (D:11)
  2 unseen horrors (D:12)
  An efreet (Gauntlet)
  A hornet (D:10)
  A meliai (D:12)
  2 trolls
  A raiju (Gauntlet)
  A wyvern (D:11)
  A fire elemental (Gauntlet)
  14 yaks
  A basilisk (D:11)
  2 steam dragons (Gauntlet)
  7 vampire mosquitoes
  Menkaure (D:7)
  A naga (shapeshifter) (Gauntlet)
  2 hell hounds (Gauntlet)
  A black bear (D:7)
  3 ice beasts
  2 orc warriors (D:10)
  2 ogres (D:5)
  3 centaurs
  A lemure (D:7)
  5 kobold brigands
  2 gnoll sergeants
  6 bullfrogs
  7 scorpions
  20 killer bees (D:12)
  2 howler monkeys
  2 centaur zombies (Ossuary)
  4 hounds
  2 human zombies (Ossuary)
  3 jellies
  8 orc priests
  An iguana (D:6)
  11 orc wizards
  2 mummies (Ossuary)
  Robin (D:4)
  16 gnolls
  9 adders
  A shadow imp (D:5)
  3 white imps
  A worm (D:2)
  3 dart slugs
  36 orcs
  6 bats
  8 endoplasms
  3 giant cockroaches
  19 goblins
  18 hobgoblins
  A jackal (D:3)
  24 kobolds
  6 quokkas
  8 ball pythons
  6 frilled lizards
  2 gnoll zombies (Ossuary)
  3 goblin zombies (Ossuary)
  A hobgoblin zombie (Ossuary)
  4 orc zombies (Ossuary)
  3 rats
334 creatures vanquished.

Vanquished Creatures (others)
  A ball python (D:3)
  6 plants
7 creatures vanquished.

Grand Total: 341 creatures vanquished

Notes
Turn   | Place    | Note
-------+----------+-------------------------------------------
     0 | D:1      | Oxelix the Minotaur Fighter began the quest for the Orb.
     0 | D:1      | Reached XP level 1. HP: 19/19 MP: 0/0
   187 | D:1      | Reached XP level 2. HP: 27/27 MP: 1/1
   386 | D:1      | Reached XP level 3. HP: 32/33 MP: 2/2
   737 | D:2      | Reached XP level 4. HP: 11/41 MP: 3/3
   839 | D:2      | Got the Guidebook on the Barrage and Vitiation
  1260 | D:2      | Reached skill level 5 in Maces & Flails
  1593 | D:3      | Reached XP level 5. HP: 47/47 MP: 4/4
  1702 | D:3      | Reached skill level 5 in Fighting
  1991 | D:3      | Noticed an ice beast
  2002 | D:3      | Killed an ice beast
  2003 | D:3      | Reached XP level 6. HP: 56/56 MP: 5/5
  2261 | D:4      | Found a sand-covered staircase.
  2301 | Ossuary  | Entered an ossuary
  2365 | Ossuary  | Reached XP level 7. HP: 61/63 MP: 6/6
  3262 | D:4      | Noticed Robin
  3267 | D:4      | Killed Robin
  3391 | D:5      | Entered Level 5 of the Dungeon
  3657 | D:5      | Reached XP level 8. HP: 73/73 MP: 7/7
  4247 | D:6      | Reached skill level 10 in Maces & Flails
  4450 | D:6      | Found a staircase to the Ecumenical Temple.
  4465 | Temple   | Entered the Ecumenical Temple
  4675 | Temple   | Became a worshipper of the Shining One
  4983 | D:7      | Noticed Pikel
  4995 | D:7      | Killed Pikel
  5026 | D:7      | Reached XP level 9. HP: 83/83 MP: 8/8
  5133 | D:7      | Noticed Menkaure
  5138 | D:7      | Killed Menkaure
  5364 | D:7      | Noticed Joseph
  5375 | D:7      | Killed Joseph
  5402 | D:7      | Found a white marble altar of Elyvilon.
  5635 | D:7      | Reached skill level 10 in Fighting
  5745 | D:8      | Found a stormy altar of Qazlal.
  5778 | D:8      | Found Mikoecynn's Fire Supplies.
  5786 | D:8      | Bought a +1 pair of boots of fire resistance for 165 gold
                  | pieces
  5893 | D:8      | Reached * piety under the Shining One
  5979 | D:8      | Found a blossoming altar of Fedhas.
  6439 | D:9      | Found a transporter.
  6440 | D:9      | Noticed Anriel's ghost (novice MiGl)
  6441 | D:9      | Found a transporter.
  6442 | D:9      | Noticed a two-headed ogre
  6444 | D:9      | Identified the +10 great mace "Mareckent" {vorpal, rPois
                  | Will+ Int-4}
  6444 | D:9      | Noticed a two-headed ogre
  6444 | D:9      | Noticed a two-headed ogre
  6470 | D:9      | Noticed a two-headed ogre
  6480 | D:9      | Killed a two-headed ogre
  6481 | D:9      | Reached XP level 10. HP: 94/94 MP: 9/9
  6497 | D:9      | Found a staircase to the Lair.
  6697 | D:9      | Reached skill level 1 in Dodging
  6804 | D:9      | Reached skill level 5 in Armour
  7294 | D:10     | Entered Level 10 of the Dungeon
  7435 | D:10     | Found a broken altar of Ashenzari.
  7435 | D:10     | Found a burning altar of Makhleb.
  7438 | D:10     | Found a hazy altar of Hepliaklqana.
  7620 | D:10     | Found Pesapom's Antique Weapon Shop.
  7932 | D:10     | Found a shimmering blue altar of Sif Muna.
  8307 | D:11     | Found a gate leading to a gauntlet.
  8308 | D:11     | Noticed a boulder beetle
  8313 | Gauntlet | Entered a Gauntlet
  8313 | Gauntlet | Noticed an oklob plant
  8313 | Gauntlet | Found a transporter.
  8313 | Gauntlet | Found a transporter.
  8315 | Gauntlet | Found a transporter.
  8319 | Gauntlet | Found a transporter.
  8319 | Gauntlet | Found a transporter.
  8319 | Gauntlet | Found a transporter.
  8360 | Gauntlet | Identified the +0 pair of gloves of the Louse {Fly Str+9
                  | Int-2}
  8409 | Gauntlet | Found a runed translucent gate.
  8412 | Gauntlet | Noticed a death scarab
  8413 | Gauntlet | Found a runed translucent door.
  8414 | Gauntlet | Reached ** piety under the Shining One
  8415 | Gauntlet | Found a runed translucent gate.
  8416 | Gauntlet | Found a runed translucent gate.
  8432 | Gauntlet | Reached XP level 11. HP: 102/104 MP: 10/10
  8435 | Gauntlet | Found a transporter.
  8436 | Gauntlet | Found a transporter.
  8437 | Gauntlet | Found a transporter.
  8437 | Gauntlet | Found a transporter.
  8440 | Gauntlet | Identified the +3 dagger of the Crypt {protect, Fly rPois
                  | Will+ Str+3 Int-3}
  8453 | Gauntlet | Found a transporter.
  8544 | Gauntlet | Found a transporter.
  8545 | Gauntlet | Identified the +1 pair of boots "Eduuc" {-Tele rElec MP+9
                  | Str+2}
  8630 | Gauntlet | Noticed a minotaur
  8639 | Gauntlet | Killed a minotaur
  8640 | Gauntlet | Reached skill level 5 in Dodging
  8850 | D:11     | Killed a boulder beetle
  8870 | D:11     | Noticed Snorg
  8871 | D:11     | Noticed a four-headed hydra
  8878 | D:11     | Killed Snorg
  8883 | D:11     | Killed a four-headed hydra
  8884 | D:11     | Reached skill level 10 in Armour
  9279 | D:11     | Noticed Nergalle
  9292 | D:11     | Killed Nergalle
  9307 | D:11     | Reached *** piety under the Shining One
  9365 | D:11     | Noticed Psyche
  9371 | D:11     | Killed Psyche
  9953 | D:12     | Noticed a five-headed hydra
  9965 | D:12     | Killed a five-headed hydra
  9966 | D:12     | Reached XP level 12. HP: 79/115 MP: 11/11
 10003 | D:12     | Found Teonleed's Gadget Gallery.
 10079 | D:12     | Found a staircase to the Orcish Mines.
 10104 | D:12     | Reached skill level 5 in Shields
 10142 | D:12     | Noticed a two-headed ogre
 10151 | D:12     | Killed a two-headed ogre
 10631 | D:12     | Noticed a yaktaur captain
 10637 | D:12     | Noticed an eight-headed hydra
 10638 | D:12     | Reached skill level 1 in Throwing
 10638 | D:12     | Reached skill level 1 in Invocations
 10647 | D:12     | The Shining One protects you from harm!
 10647 | D:12     | HP: 6/177 [killer bee (9)]
 10647 | D:12     | HP: 1/177 [eight-headed hydra (5)]
 10647 | D:12     | The Shining One protects you from harm!
 10648 | D:12     | Succumbed to a killer bee's poison

Illustrated notes

Levels and vault maps discovered:
D:1:      lemuel_arrival_tunnels, layout_rooms
D:2:      minmay_wonky_spiral, layout_rooms, chequers_serial_rivers_micro_b,
          dk_noncrumbling_2
D:3:      minmay_bubble_buster, layout_basic
D:4:      layout_basic, nicolae_ossuary_entry_ruins, eino_curves_04, uniq_robin
D:5:      layout_basic, chequers_serial_rivers_micro_d
D:6:      layout_cave_pools, minmay_temple_entry_trees
D:7:      layout_basic, mainiacjoe_overflow_catwalk, grunt_ministairs_13,
          uniq_menkaure, uniq_pikel, uniq_joseph
D:8:      layout_loops_cross, grunt_temple_overflow_forces_of_nature,
          nicolae_shop_fire_sale [nicolae_sub_dead_trees]
D:9:      layout_basic, lair_entry_dummy, gammafunk_ghost_smash
D:10:     layout_layer_cave, nicolae_sif_muna_condensation,
          grunt_temple_overflow_open, serial_shops, nicolae_shop_hallway_plus
D:11:     layout_loops_cross, portal_ice_cave_entry_pillars_1,
          gauntlet_entry_generic, uniq_snorg, uniq_nergalle, uniq_psyche
D:12:     regret_index_harrowing_hell_hive, layout_gridville,
          minmay_orc_entry_temple_small, nicolae_shop_gadgets
Temple:   nicolae_temple_bog_church

Skill      XL: |  1  2  3  4  5  6  7  8  9 10 11 12 |
---------------+-------------------------------------+-----
Maces & Flails | 3 4 5 6 7 9 11 14 | 14.0
Fighting       | 4 5 6 7 9 10 12 13 14 | 14.5
Armour         | 8 11 12 | 12.0
Dodging        | 4 7 |  7.2
Shields        | 4 7 |  7.8
Throwing       | 1 |  1.1
Invocations    | 1 |  1.1

Action                   |  1- 3 |  4- 6 |  7- 9 | 10-12 || total
-------------------------+-------+-------+-------+-------++-------
Melee: Flail             |    66 |   135 |    23 |   173 ||   397
       Headbutt          |     7 |    26 |    29 |    77 ||   139
       Dire flail        |       |       |   161 |   131 ||   292
       Punch             |       |       |       |     3 ||     3
       Morningstar       |       |       |       |    14 ||    14
Throw: Boomerang         |     1 |       |     3 |    11 ||    15
       Throwing net      |       |       |     1 |     1 ||     2
       Dart              |       |       |       |    10 ||    10
  Use: Scroll            |       |       |     5 |    17 ||    22
       Potion            |       |       |     1 |     8 ||     9
Armor: Scale mail        |    41 |     2 |       |       ||    43
       Ring mail         |       |    49 |    45 |   126 ||   220
       Skin              |       |       |       |    59 ||    59
Dodge: Dodged            |    52 |    75 |    93 |   251 ||   471
       Repelled          |       |       |     1 |     1 ||     2
Block: Buckler           |    25 |    21 |     5 |       ||    51
       Tower shield      |       |       |       |   159 ||   159
